 Dungeon Crawl Stone Soup version 0.30.0-29-ga12c61a403 (webtiles) character file.

Game seed: 17577059071895094856

98 Bnni the Digger (level 5, -6/37 HPs)
             Began as a Formicid Earth Elementalist on June 23, 2023.
             Mangled by a gnoll
             ... wielding a +0 flail
              (9 damage)
             ... on level 2 of the Dungeon.
             The game lasted 00:01:52 (1538 turns).

Bnni the Digger (Formicid Earth Elementalist)       Turns: 1538, Time: 00:01:53

Health: -6/37      AC:  2    Str: 12    XL:     5   Next: 0%
Magic:  0/8        EV: 12    Int: 17    God:
Gold:   113        SH:  0    Dex: 14    Spells: 3/9 levels left

rFire   . . .        m - +1 dagger (drain)
rCold   . . .        (no shield)
rNeg    . . .        a - +0 robe
rPois   .            (helmet unavailable)
rElec   .            (no cloak)
rCorr   .            (no gloves)
SInv    +            (no boots)
Will    .....        (no amulet)
Stlth   ++           (no ring)
HPRegen 0.26/turn    (no ring)
MPRegen 0.11/turn

%: no passive effects
@: no status effects
A: permanent stasis, dig shafts and tunnels, antennae 3, four strong arms
a: Dig, Shaft Self


You were on level 2 of the Dungeon.
You visited 1 branch of the dungeon, and saw 3 of its levels.

You collected 113 gold pieces.

Inventory:

Hand Weapons
 d - a +3 war axe of flaming
 m - a +1 dagger of draining (weapon)
Missiles
 t - 4 poisoned darts
Armour
 a - a +0 robe (worn)
Jewellery
 p - a ring of magical power
Scrolls
 c - 2 scrolls of identify {unknown}
 e - 4 scrolls of enchant weapon
 f - 2 scrolls of teleportation {unknown}
 j - a scroll of immolation {unknown}
 k - a scroll of brand weapon {unknown}
 l - a scroll of poison {unknown}
 n - a scroll of blinking {unknown}
Potions
 b - a potion of magic
 g - a potion of berserk rage {unknown}
 h - a potion of ambrosia {unknown}
 i - a potion of degeneration {unknown}
 o - a potion of haste {unknown}
 q - 2 potions of might {unknown}
 r - a potion of flight {unknown}
 s - a potion of brilliance {unknown}


   Skills:
 + Level 1.0 Fighting
 - Level 1.7 Dodging
 - Level 2.4 Stealth
 + Level 2.5 Spellcasting
 * Level 1.6 Conjurations
 * Level 2.7 Transmutations
 * Level 4.4 Earth Magic


You had 3 spell levels left.
You knew the following spells:

 Your Spells              Type           Power      Damage    Failure   Level
a - Sandblast             Erth           34%        2d9       3%          1
b - Passwall              Tmut/Erth      11%        N/A       6%          2
c - Stone Arrow           Conj/Erth      24%        3d8       16%         3

Your spell library contained the following spells:

 Spells                   Type           Power      Damage    Failure   Level
 Petrify                  Tmut/Erth      14%        N/A       38%         4


Dungeon Overview and Level Annotations

Branches:
Dungeon (3/15)

Altars:


Innate Abilities, Weirdness & Mutations

You cannot be hasted, slowed, berserked, paralysed or teleported.
You can dig through walls and to a lower floor.
You have a pair of large antennae on your head. (SInv)
Your four strong arms can wield two-handed weapons with a shield.


Message History

* * * LOW HITPOINT WARNING * * *
You barely miss the gnoll. The gnoll barely misses you.
Aiming: Sandblast (safe; 3% risk of failure)
Press: ? - help, Q - select action, (/) - cycle Shift-Dir - straight line, f/p - gnoll
Aim: a gnoll, wielding a +0 flail (almost dead, 84% to hit)
The blast of sand hits the gnoll!
The gnoll is heavily wounded.
The gnoll barely misses you.
You closely miss the gnoll.
The gnoll is heavily wounded.
The gnoll hits you with a +0 club.
* * * LOW HITPOINT WARNING * * *
Unknown command.
You barely miss the gnoll.
The gnoll is heavily wounded.
The gnoll closely misses you.
Unknown command.
You hit the gnoll.
The gnoll is severely wounded.
The gnoll hits you with a +0 club.
* * * LOW HITPOINT WARNING * * *
Unknown command.
You hit the gnoll but do no damage.
The gnoll is severely wounded.
The gnoll barely misses you.
Unknown command.
You barely miss the gnoll.
The gnoll is severely wounded.
The gnoll barely misses you.
Unknown command.
You hit the gnoll but do no damage. You drain the gnoll.
The gnoll is almost dead.
The gnoll closely misses you.
Aiming: Sandblast (safe; 3% risk of failure)
Press: ? - help, Q - select action, (/) - cycle Shift-Dir - straight line, f/p - gnoll
Aim: a gnoll, wielding a +0 flail (almost dead, 84% to hit)
The blast of sand hits the gnoll!
You kill the gnoll!
The gnoll hits you with a +0 flail!
You die...

..........# #.# ...######.# #.#
#.## #.# ####.##### #+#######.###
#........# ...##.......#
#....###.# # ....#.###.#.###
#..### #.### ......# #.....#
#†.#.###.##.
......####....########.....##.#..
......+........g@.............'..
......####....######.##....####..
............#.### #.##.#.## ##.
....#######...>.# #.##...# ##
<..## #.....# #.####.# # ..##
#.....# #.####.# #.# #.....#
#......# #.# #.....# ######.#
#.## ##.#### #.######


You could see a gnoll.

Vanquished Creatures
  An orc wizard (D:3)
  A gnoll (D:2)
  3 adders (D:2)
  4 orcs (D:3)
  4 endoplasms
  3 giant cockroaches
  4 goblins
  2 hobgoblins
  6 ball pythons
  4 bats
  4 frilled lizards
  5 kobolds
  5 rats
46 creatures vanquished.

Notes
Turn   | Place    | Note
-------+----------+-------------------------------------------
     0 | D:1      | Bnni the Formicid Earth Elementalist began the quest for
                  | the Orb.
     0 | D:1      | Reached XP level 1. HP: 13/13 MP: 3/3
   361 | D:1      | Reached XP level 2. HP: 8/19 MP: 3/5
   721 | D:2      | Reached XP level 3. HP: 25/25 MP: 6/6
   734 | D:2      | Reached skill level 4 in Earth Magic
   778 | D:2      | Learned a level 2 spell: Passwall
   782 | D:2      | Learned a level 3 spell: Stone Arrow
   847 | D:2      | Reached skill level 1 in Conjurations
  1000 | D:2      | Reached XP level 4. HP: 31/31 MP: 7/7
  1502 | D:3      | Reached skill level 1 in Fighting
  1511 | D:3      | Reached XP level 5. HP: 23/37 MP: 0/8
  1538 | D:2      | Mangled by a gnoll

Illustrated notes

Levels and vault maps discovered:
D:1:      elethiomel_arrival_maze, layout_basic
D:2:      layout_loops_corners
D:3:      layout_rooms, mainiacjoe_overflow_cross_hatched,
          dreamdust_ecumenical_altar_drowned_temple, gup_sewer_entry_bubbles

Skill      XL: |  1  2  3  4 |
---------------+-------------+-----
Earth Magic    | 4 |  4.4
Transmutations | 2 |  2.7
Conjurations   | 1 |  1.6
Fighting       | 1 |  1.0
Dodging        | |  1.7
Stealth        | |  2.4
Spellcasting   | |  2.5

Action                     |  1- 3 |  4- 6 || total
---------------------------+-------+-------++-------
  Melee: War axe           |    39 |       ||    39
         Dagger            |     3 |    27 ||    30
   Cast: Sandblast         |     7 |    12 ||    19
    Use: Scroll            |     1 |       ||     1
   Stab: Sleeping          |     3 |     5 ||     8
 Armour: Robe              |    16 |       ||    16
  Dodge: Dodged            |    36 |    22 ||    58
